 Dungeon Crawl Stone Soup version 0.24-a0-285-g3c078ff (webtiles) character file.

Game seed: 15164784381139099229

585495 Grunty the Crack Shot (level 26, -17/240 (244) HPs)
             Began as a Centaur Hunter on May 6, 2019.
             Was the Champion of Okawaru.
             Killed from afar by a death ooze (33 damage)
             ... with an exploding inner flame
             ... created by the Royal Jelly
             ... hexed by the player character
             ... on level 5 of the Pits of Slime on May 7, 2019.
             The game lasted 04:43:23 (83133 turns).

Grunty the Crack Shot (Centaur Hunter)             Turns: 83133, Time: 04:43:24

HP:   -17/240 (244) AC: 40    Str: 29    XL:     26   Next: 52%
MP:   31/37         EV: 12    Int: 17    God:    Okawaru [******]
Gold: 4061          SH:  5    Dex: 14    Spells: 26/45 levels left

rFire    . . .     SeeInvis +   X - +8 longbow "Wavineul" {velocity, Dex+5}
rCold    + . .     Gourm    .   (shield currently unavailable)
rNeg     . . .     Faith    .   C - +4 chain mail of Vanity {Slay+3}
rPois    +         Spirit   .   G - +3 crown of Dyrovepreva {rElec Int+2 SInv}
rElec    +         Reflect  +   u - +2 cloak {rPois}
rCorr    +         Harm     .   c - +2 pair of gloves {Str+3}
MR       +....     Clarity  +   s - +0 centaur barding of Generosity {Str-4 Int+4 Slay+3}
Stlth    ..........             L - +5 amulet of reflection
HPRegen  0.50/turn              H - ring of resist corrosion
MPRegen  0.25/turn              R - ring of Gif Qipt {Wiz Str+6 Dex-5}

@: heroism, finesse, hasted, very quick
A: large, hooves 3, agile 1, clarity, cold resistance 1, deformed body, speed 2,
mutation resistance 1, tough skin 3
}: 2/15 runes: barnacled, gossamer
a: Heroism, Finesse, Renounce Religion


You were on level 5 of the Pits of Slime.
You worshipped Okawaru.
Okawaru was exalted by your worship.
You were not hungry.

You visited 14 branches of the dungeon, and saw 55 of its levels.
You also visited: Trove, Bailey, Ice Cave and Wizlab.

You collected 5884 gold pieces.
You spent 1823 gold pieces at shops.

Inventory:

Hand Weapons
 a - a +9 longbow of freezing
 X - the +8 longbow "Wavineul" (weapon) {velocity, Dex+5}
   (Okawaru gifted it to you on level 1 of the Elven Halls)

   Any arrow fired from it inflicts extra damage.
   It affects your dexterity (+5).
Missiles
 d - 807 arrows (quivered)
 S - 5 throwing nets
Armour
 c - a +2 pair of gloves of strength (worn)
 s - the +0 centaur barding of Generosity (worn) {Str-4 Int+4 Slay+3}
   (Okawaru gifted it to you on level 1 of the Vaults)

   It affects your strength (-4).
   It affects your intelligence (+4).
   It affects your accuracy and damage with ranged weapons and melee attacks
   (+3).
 u - a +2 cloak of poison resistance (worn)
 y - +3 fire dragon scales {Xtahua}
 C - the +4 chain mail of Vanity (worn) {Slay+3}
   (You found it on level 15 of the Dungeon)

   It affects your accuracy and damage with ranged weapons and melee attacks
   (+3).
 G - the +3 crown of Dyrovepreva (worn) {rElec Int+2 SInv}
   (You bought it in a shop on level 2 of the Orcish Mines)

   It affects your intelligence (+2).
   It insulates you from electricity.
   It lets you see invisible.
Jewellery
 g - the ring of Qalef {Ice MP+9 Int+2 Dex+3}
   (You took it off a deep elf demonologist on level 3 of the Elven Halls)

   [ring of ice]

   It enhances your ice magic.
   It affects your intelligence (+2).
   It affects your dexterity (+3).
   It makes you vulnerable to fire.
   It protects you from cold.
   It affects your magic capacity (+9).
 k - an uncursed ring of protection from magic
 D - an uncursed ring of see invisible
 H - a ring of resist corrosion (left hand)
 L - a +5 amulet of reflection (around neck)
 R - the ring of Gif Qipt (right hand) {Wiz Str+6 Dex-5}
   (You bought it in a shop on level 2 of the Elven Halls)

   [ring of wizardry]

   It improves your spell success rate.
   It affects your strength (+6).
   It affects your dexterity (-5).
 Z - an uncursed ring of fire
Wands
 e - a wand of digging (20)
 h - a wand of clouds (9)
 i - a wand of iceblast (42)
 O - a wand of paralysis (43)
 U - a wand of acid (15)
Scrolls
 l - 12 scrolls of enchant weapon
 o - 9 scrolls of fog
 p - 6 scrolls of fear
 r - 2 scrolls of silence
 t - 18 scrolls of magic mapping
 v - 28 scrolls of teleportation
 w - 13 scrolls of blinking
 x - 18 scrolls of remove curse
 Q - 4 scrolls of immolation
 V - 6 scrolls of enchant armour
 Y - 8 scrolls of identify
Potions
 j - 2 potions of agility
 m - 7 potions of ambrosia
 z - 11 potions of might
 B - 3 potions of cancellation
 E - 3 potions of haste
 F - 19 potions of curing
 J - 4 potions of magic
 K - 6 potions of flight
 M - 5 potions of berserk rage
 N - 4 potions of resistance
 P - 6 potions of brilliance
 T - 14 potions of heal wounds
 W - a potion of invisibility
Miscellaneous
 b - a phial of floods
 n - 2 boxes of beasts
 q - 4 phantom mirrors
 A - a lamp of fire
Comestibles
 f - 65 rations


   Skills:
 - Level 21.2(26.2) Fighting
   Level 11.7(16.7) Polearms
 - Level 22.0(27) Bows
 * Level 20.2(25.2) Armour
 - Level 7.3(12.3) Dodging
 - Level 0.4(5.4) Stealth
 - Level 10.1 Spellcasting
 - Level 4.1 Conjurations
 - Level 5.2 Hexes
 - Level 5.7 Charms
 - Level 11.0 Necromancy
 - Level 7.3 Translocations
 - Level 4.2 Fire Magic
 - Level 9.8 Earth Magic
 - Level 10.6 Invocations
 - Level 5.9 Evocations


You had 26 spell levels left.
You knew the following spells:

 Your Spells              Type           Power        Failure   Level  Hunger
a - Apportation           Tloc           ####..       1%          1    None
b - Blink                 Tloc           N/A          1%          2    None
c - Song of Slaying       Chrm           ####....     1%          2    None
d - Regeneration          Chrm/Necr      #####.....   1%          3    None
e - Conjure Flame         Conj/Fire      ###.....     4%          3    None
f - Borgnjor's Vile Clut  Necr/Erth      #####.....   2%          5    #####..
g - Portal Projectile     Hex/Tloc       ####..       1%          3    None

Your spell library contained the following spells:

 Spells                   Type           Power        Failure   Level  Hunger
 Animate Skeleton         Necr           N/A          1%          1    None
 Corona                   Hex            ####...      1%          1    None
 Flame Tongue             Conj/Fire      ###..        1%          1    None
 Infusion                 Chrm           ####         1%          1    None
 Magic Dart               Conj           ###.         1%          1    None
 Pain                     Necr           ####         1%          1    None
 Searing Ray              Conj           ###...       1%          2    None
 Shroud of Golubria       Chrm/Tloc      ####......   1%          2    None
 Slow                     Hex            ####....     1%          2    None
 Throw Flame              Conj/Fire      ###...       1%          2    None
 Gell's Gravitas          Tloc           ####......   1%          3    None
 Lesser Beckoning         Tloc           ####......   1%          3    None
 Stone Arrow              Conj/Erth      ####..       1%          3    None
 Teleport Other           Tloc           ####....     1%          3    None
 Vampiric Draining        Necr           #####.....   1%          3    None
 Animate Dead             Necr           N/A          1%          4    ###....
 Confuse                  Hex            ####....     2%          3    None
 Spectral Weapon          Hex/Chrm       ####....     2%          3    None
 Tukima's Dance           Hex            ####....     2%          3    None
 Shock                    Conj/Air       ###.         3%          1    None
 Sting                    Conj/Pois      ###.         3%          1    None
 Dazzling Spray           Conj/Hex       ###...       3%          3    None
 Inner Flame              Hex/Fire       ###.....     3%          3    None
 Leda's Liquefaction      Hex/Erth       ####......   3%          4    ###....
 Passage of Golubria      Tloc           N/A          3%          4    ###....
 Ensorcelled Hibernation  Hex/Ice        ###...       4%          2    None
 Throw Frost              Conj/Ice       ###...       4%          2    None
 Ozocubu's Armour         Chrm/Ice       ###.....     7%          3    None
 Force Lance              Conj/Tloc      ####....     7%          4    ###....
 Beastly Appendage        Tmut           #.....       8%          1    None
 Freeze                   Ice            #...         8%          1    None
 Summon Butterflies       Summ           #.......     8%          1    None
 Cause Fear               Hex            ####......   9%          4    ###....
 Static Discharge         Conj/Air       ###.....     10%         3    None
 Fulminant Prism          Conj/Hex       ###.......   11%         4    ###....
 Call Imp                 Summ           #.......     12%         2    None
 Poisonous Vapours        Pois/Air       #.....       12%         2    None
 Ignite Poison            Fire/Tmut/Pois ##......     12%         3    None
 Mephitic Cloud           Conj/Pois/Air  ##......     12%         3    None
 Iskenderun's Mystic Bla  Conj           ###.....     13%         4    ###....
 Sticky Flame             Conj/Fire      ###.....     13%         4    ###....
 Bolt of Magma            Conj/Fire/Erth ####......   16%         5    #####..
 Throw Icicle             Conj/Ice       ###.....     30%         4    ###....
 Fireball                 Conj/Fire      ###.......   34%         5    #####..
 Metabolic Englaciation   Hex/Ice        ###.......   52%         5    #####..
 Silence                  Hex/Air        ###.......   52%         5    #####..
 Ice Form                 Ice/Tmut       #.......     56%         4    ###....
 Olgreb's Toxic Radiance  Pois           #.......     56%         4    ###....
 Summon Ice Beast         Ice/Summ       #.......     56%         4    ###....
 Summon Lightning Spire   Summ/Air       #.......     56%         4    ###....
 Irradiate                Conj/Tmut      ###.......   61%         5    #####..
 Venom Bolt               Conj/Pois      ###.......   61%         5    #####..
 Simulacrum               Ice/Necr       ####......   71%         6    ######.
 Darkness                 Hex            ####......   75%         6    ######.
 Invisibility             Hex            ####....     75%         6    ######.
 Statue Form              Tmut/Erth      ####.....    80%         6    ######.
 Alistair's Intoxication  Tmut/Pois      #.......     87%         5    #####..
 Bolt of Fire             Conj/Fire      ###.......   87%         6    ######.
 Deflect Missiles         Chrm/Air       ###.......   96%         6    ######.
 Bolt of Cold             Conj/Ice       ###.......   99%         6    ######.
 Conjure Ball Lightning   Conj/Air       ###.......   99%         6    ######.
 Freezing Cloud           Conj/Ice/Air   ##........   99%         6    ######.
 Hydra Form               Tmut           #.........   100%        6    ######.
 Ozocubu's Refrigeration  Ice            #.........   100%        6    ######.
 Shadow Creatures         Summ           N/A          100%        6    ######.
 Dragon Form              Tmut           #.........   100%        7    #######
 Malign Gateway           Summ/Tloc      ###.......   100%        7    #######
 Monstrous Menagerie      Summ           #.........   100%        7    #######
 Ring of Flames           Chrm/Fire      ####......   100%        7    #######
 Summon Greater Demon     Summ           #.........   100%        7    #######
 Ignition                 Fire           ###.......   100%        8    #######
 Summon Horrible Things   Summ           #.........   100%        8    #######
 Tornado                  Air            #.........   100%        9    #######


Dungeon Overview and Level Annotations

Branches:
Dungeon (15/15)            Temple (1/1) D:5            Lair (6/6) D:11
 Shoals (4/4) Lair:3       Spider (4/4) Lair:4        Slime (5/5) Lair:6
    Orc (2/2) D:12            Elf (3/3) Orc:2        Vaults (4/5) D:14
  Crypt (3/3) Vaults:2       Tomb (0/3) Crypt:3      Depths (5/5) D:15
   Hell (1/1)                 Dis (0/7) Hell            Geh (1/7) Hell
    Coc (1/7) Hell            Tar (0/7) Hell            Zot (0/5) Depths:5

Altars:
Ashenzari
Cheibriados
Dithmenos
Elyvilon
Fedhas
Gozag
Hepliaklqana
Kikubaaqudgha
Makhleb
Nemelex Xobeh
Okawaru
Qazlal
Ru
Sif Muna
Trog
Uskayaw
Vehumet
Wu Jian
Xom
Yredelemnul
Zin
The Shining One
Beogh
Jiyva

Shops:
D:7 =*   Orc:1 }   Orc:2 ![(=   Elf:2 =   Elf:3 }   Shoals:1 *=(   Shoals:4 :
Vaults:3 [   Depths:1 *(

Portals:
Hell: Depths:1 Depths:2 Depths:3 Depths:4 Depths:5
Abyss: Depths:3 Depths:4
Pandemonium: Depths:2 Depths:3
Ziggurat: Depths:3

Annotations:
D:5 exclusion: downstairs
D:8 exclusion: downstairs
D:9 exclusion: downstairs
D:10 exclusion: downstairs
Shoals:3 exclusion: 2 downstairs
Elf:1 exclusion: downstairs
Elf:2 3 runed translucent doors, ZigZag's ghost, master HOFi
Crypt:2 exclusion: downstairs
Depths:3 exclusion: downstairs
Depths:5 exclusion: upstairs


Innate Abilities, Weirdness & Mutations

You have hooves in place of feet.
Armour fits poorly on your strangely shaped body.
You cover ground very quickly.
You have extremely tough skin. (AC +3)
You are agile. (Dex +2)
You possess an exceptional clarity of mind.
Your flesh is cold resistant. (rC+)
You are somewhat resistant to further mutation.


Message History

The fiery explosion engulfs the azure jelly!!!
The azure jelly is burned terribly!
The azure jelly explodes!
The fiery explosion engulfs the death ooze!!
The death ooze is heavily damaged.
The fiery explosion engulfs the acid blob!!!
The acid blob is severely wounded.
The fiery explosion engulfs the death ooze!!
The death ooze explodes!
The fiery explosion engulfs you!!!
* * * LOW HITPOINT WARNING * * *
The fiery explosion engulfs you!!!
* * * LOW HITPOINT WARNING * * *
The fiery explosion engulfs the azure jelly!!!
The azure jelly is burned terribly!
The azure jelly is heavily wounded.
The fiery explosion engulfs the acid blob!!
The acid blob is moderately wounded.
The fiery explosion engulfs you!!
You die...

.......................####
..........................#
....J(.J.................##..
.#..#..#.GJ.............##..#
###.#####...J....§.........##
#..# ##..J.§§§§..........# #.##
##.§§§§§§..........# #..#
##§§§§§J..........### ##.#$
#§§§§@§............# ##..##$}
#§§§§§J............# )#J##}#[(#
#.§§§J§...........## ##..######
#.(.((.............## ....J..#..
#.(.................#
#._..#...#........(...........##
####....(..............
#...(...............
#..................#


You could see 3 acid blobs, an azure jelly (inner flame), a great orb of eyes, a
slime creature and a death ooze (inner flame).

Vanquished Creatures
  the Royal Jelly (Slime:5)
  Mara (Depths:1)
  A juggernaut (Depths:3)
  2 shard shrikes (Coc:1)
  A greater mummy (WizLab)
  Bai Suzhen (Vaults:2)
  A curse toe (Crypt:3)
  Margery (Depths:4)
  6 caustic shrikes
  Xtahua (Depths:4)
  A golden dragon (Depths:3)
  Geryon (Hell)
  3 bone dragons
  Arachne (Spider:2)
  5 Brimstone Fiends (Geh:1)
  2 Ice Fiends (Coc:1)
  4 tentacled monstrosities (Elf:2)
  Jorgrun (Elf:2)
  Asterion (Elf:2)
  2 liches (Depths:3)
  2 deep elf blademasters (Elf:3)
  2 quicksilver dragons
  2 deep elf master archers (Elf:3)
  Polyphemus (Shoals:2)
  20 acid blobs
  A kraken (Shoals:4)
  9 ancient champions
  A sphinx (Vaults:3)
  2 storm dragons
  5 shadow dragons
  3 revenants
  Ilsuiw (Shoals:4)
  Kirke (Shoals:4)
  11 frost giants
  An azure jelly (shapeshifter) (Depths:3)
  12 azure jellies
  A draconian knight (Depths:5)
  3 ghost moths (Spider:4)
  2 orc warlords (Orc:2)
  A balrug (Geh:1)
  8 deep elf sorcerers
  Louise (Spider:2)
  5 fire giants
  2 iron dragons
  Aizul (Spider:3)
  10 vault wardens
  2 deep elf elementalists (Elf:3)
  3 emperor scorpions
  A curse skull (Crypt:1)
  A draconian annihilator (Depths:5)
  15 ironheart preservers
  6 ghouls
  4 entropy weavers
  9 reapers
  10 stone giants
  10 vampire knights
  A war gargoyle (Hell)
  10 deep elf demonologists
  A juggernaut skeleton (Crypt:1)
  10 deep elf annihilators
  23 very ugly things
  A red draconian (Depths:5)
  2 purple draconians (Depths:5)
  A yellow draconian (Depths:5)
  A black draconian (Depths:5)
  4 lorocyprocas
  7 merfolk javelineers
  7 spark wasps
  A white draconian (Depths:5)
  A green death (Depths:3)
  5 blizzard demons
  3 mummy priests
  2 eidola
  A crystal guardian (Vaults:4)
  9 death oozes
  10 ettins
  5 fire dragons
  2 quicksilver dragon zombies
  4 jiangshi (Crypt:3)
  9 deep elf death magi
  5 deep elf high priests
  6 merfolk impalers
  13 yaktaur captains
  A quicksilver dragon skeleton (Geh:1)
  2 rakshasas (Depths:3)
  8 vault guards
  9 great orbs of eyes
  22 ogre magi
  6 hydras
  A monstrous demonspawn (Depths:2)
  3 spriggan air magi
  7 ice dragons
  2 merfolk avatars
  A catoblepas (Shoals:2)
  An alligator snapping turtle (Shoals:3)
  12 merfolk aquamancers
  11 centaur warriors
  7 death knights
  9 death yaks
  41 two-headed ogres
  32 dancing weapons
  2 titan zombies
  4 satyrs
  11 deep troll earth magi
  8 deep troll shamans
  8 tengu warriors
  A queen ant (Spider:1)
  An orc high priest (Orc:2)
  9 vampire magi
  12 hell hogs
  Urug (D:11)
  2 titan skeletons
  A shock serpent (shapeshifter) (Depths:1)
  2 iron golems (Hell)
  18 deep elf knights
  6 spriggan berserkers
  2 soul eaters
  A sun demon (Geh:1)
  6 iron trolls
  39 skeletal warriors
  7 shadow wraiths
  A storm dragon skeleton (Coc:1)
  5 hell knights
  A sixfirhy (Depths:2)
  20 deep trolls
  A death drake (shapeshifter) (Depths:4)
  4 unseen horrors
  7 glowing orange brains
  2 small abominations (Vaults:2)
  An unseen horror (shapeshifter) (Vaults:3)
  11 sea snakes
  A swamp dragon (Lair:6)
  5 anaconda zombies
  A kraken simulacrum (Hell)
  4 flayed ghosts
  13 phantasmal warriors
  14 harpies
  6 wizards
  21 deep elf archers
  3 shadow dragon zombies
  12 orb spiders
  14 orc knights
  20 ironbrand convokers
  A tengu zombie (WizLab)
  An orb spider (shapeshifter) (Depths:4)
  9 necromancers
  7 orc sorcerers
  A faun (shapeshifter) (Depths:3)
  A wolf spider (shapeshifter) (Vaults:1)
  10 cyclopes
  2 oklob plants (Lair:5)
  31 ugly things
  17 manticores
  A fire giant zombie (Crypt:3)
  3 frost giant zombies
  33 wolf spiders
  81 deep elf magi
  3 iron dragon zombies
  5 shining eyes
  18 fauns
  2 fire giant skeletons
  2 stone giant zombies (WizLab)
  3 frost giant skeletons
  4 moths of wrath
  6 water nymphs
  An iron dragon skeleton (Crypt:3)
  11 elephants
  12 merfolk sirens
  4 spriggan zombies (WizLab)
  6 black mambas
  4 rust devils
  3 stone giant skeletons
  Maurice (D:8)
  5 eyes of devastation
  16 vault sentinels
  4 dire elephant zombies
  3 ice statues
  3 yaktaur zombies
  2 torpor snails
  4 gargoyles
  2 demonspawn zombies (WizLab)
  13 spiny frogs
  31 freezing wraiths
  A shock serpent skeleton (Geh:1)
  38 yaktaurs
  A dire elephant skeleton (Crypt:1)
  4 hellions (Geh:1)
  2 rime drakes
  12 demonic crawlers
  An anaconda simulacrum (Coc:1)
  A human zombie (WizLab)
  4 tormentors (Geh:1)
  4 kobold demonologists
  2 ice devils (Coc:1)
  6 komodo dragons
  11 guardian mummies
  2 tengu conjurers
  7 trolls
  A minotaur skeleton (Crypt:2)
  9 red devils
  A jumping spider (shapeshifter) (Vaults:3)
  A meliai (shapeshifter) (Vaults:3)
  A hydra zombie (Hell)
  7 wind drakes
  A polar bear (Lair:6)
  36 jumping spiders
  A tyrant leech (shapeshifter) (Elf:3)
  30 merfolk
  12 hornets
  A polar bear (shapeshifter) (Vaults:4)
  2 raiju (shapeshifter)
  2 wolf spider simulacra
  A hornet (shapeshifter) (Vaults:3)
  22 blink frogs
  4 alligator zombies (Hell)
  2 bog bodies
  13 snapping turtles
  105 slime creatures
  A wind drake (shapeshifter) (Vaults:3)
  A hippogriff (shapeshifter) (Depths:5)
  15 hippogriffs
  2 dream sheep (Shoals:3)
  7 flying skulls
  A black mamba zombie (Geh:1)
  3 air elementals
  2 fire dragon zombies
  3 ettin skeletons (Geh:1)
  58 redbacks
  2 ushabtiu (Crypt:3)
  9 wraiths
  2 ice dragon skeletons
  10 shadows
  A wyvern (D:11)
  A satyr skeleton (Crypt:1)
  A spriggan (D:8)
  28 tarantellas
  2 vampires (Crypt:2)
  19 water elementals
  2 alligator skeletons (Hell)
  23 yaks
  A spriggan (shapeshifter) (Vaults:4)
  6 hogs (Shoals:4)
  A hog (shapeshifter) (D:15)
  2 fire bats (Geh:1)
  14 fire elementals
  10 basilisks
  A golden eye (shapeshifter) (Vaults:1)
  9 golden eyes
  2 hungry ghosts
  17 humans (D:14)
  A death yak simulacrum (IceCv)
  2 human simulacra
  9 large abominations
  A chaos spawn (Depths:2)
  6 wargs
  28 soldier ants (Spider:1)
  5 acid dragons
  A harpy simulacrum (Crypt:3)
  8 hell hounds
  2 hydra simulacra
  A gelid demonspawn skeleton (Crypt:3)
  14 water moccasins
  6 porcupines
  A deep troll skeleton (Crypt:3)
  4 sky beasts
  A floating eye (shapeshifter) (Depths:4)
  A hornet zombie (D:12)
  A merfolk skeleton (Crypt:2)
  A black bear (shapeshifter) (Elf:2)
  57 orc warriors
  2 snapping turtle zombies
  A two-headed ogre skeleton (Crypt:2)
  A spiny frog skeleton (Hell)
  2 swamp drakes (Lair:6)
  4 black bears
  A manticore zombie (Crypt:1)
  7 necrophages
  15 ice beasts
  45 ogres
  7 phantoms
  An alligator simulacrum (IceCv)
  9 boggarts
  7 eyes of draining
  A manticore skeleton (Hell)
  13 centaurs
  A big kobold (D:12)
  18 crocodiles
  An octopode zombie (Crypt:3)
  25 bullfrogs
  3 wyvern zombies
  A gnoll sergeant (D:11)
  2 spiny frog simulacra (Hell)
  6 scorpions
  A cyclops skeleton (Crypt:3)
  3 killer bees (D:7)
  An elf simulacrum (Vaults:2)
  A troll skeleton (Geh:1)
  A warg skeleton (Crypt:2)
  17 wights
  5 electric eels
  6 howler monkeys
  10 crimson imps
  A draconian simulacrum (IceCv)
  5 bullfrog zombies
  2 quasits
  6 centaur zombies
  6 hounds
  15 jellies
  18 orc priests
  Crazy Yiuf (D:2)
  A bullfrog skeleton (D:12)
  6 centaur skeletons
  3 iron imps (Hell)
  A porcupine zombie (Crypt:2)
  Jessica (D:2)
  8 iguanas
  6 hell rats (Hell)
  28 orc wizards
  2 spriggan simulacra (IceCv)
  2 troll simulacra (IceCv)
  28 worker ants
  A polar bear simulacrum (IceCv)
  A porcupine skeleton (Crypt:3)
  A big kobold zombie (Crypt:2)
  A demigod zombie (Crypt:2)
  6 centaur simulacra (IceCv)
  A crocodile skeleton (Crypt:2)
  A deep dwarf skeleton (Crypt:2)
  4 hound zombies
  3 hound skeletons
  7 mummies (Crypt:3)
  19 gnolls
  A howler monkey skeleton (Crypt:2)
  8 adders
  7 naga simulacra (IceCv)
  2 ogre simulacra (IceCv)
  3 shadow imps
  13 white imps
  An ufetubus (Depths:2)
  An ooze (D:3)
  6 adder skeletons
  A worm (D:4)
  2 dart slugs
  6 leopard geckos
  161 orcs
  3 ball pythons
  4 giant cockroaches
  12 hobgoblins
  A jackal (D:2)
  16 kobolds
  3 quokkas
  2 bats
  5 frilled lizards
  29 goblins
  A hobgoblin skeleton (Crypt:1)
  A quokka zombie (D:7)
  8 rats
  4 crawling corpses
  A fungus (Lair:5)
  2 plants
  4 tentacles
2664 creatures vanquished.

Vanquished Creatures (others)
  An eldritch tentacle (Geh:1)
  A centaur warrior (Vaults:3)
  A deep elf archer (Vaults:3)
  2 cyclopes (Vaults:2)
  2 yaktaurs
  A redback (Spider:2)
  2 fungi (Lair:6)
  10 plants
  11 tentacles
31 creatures vanquished.

Grand Total: 2695 creatures vanquished

Notes
Turn   | Place    | Note
-------+----------+-------------------------------------------
     0 | D:1      | Grunty the Centaur Hunter began the quest for the Orb.
     0 | D:1      | Reached XP level 1. HP: 17/17 MP: 1/1
   305 | D:1      | Reached XP level 2. HP: 23/24 MP: 2/2
   539 | D:1      | Reached skill level 6 in Bows
  1370 | D:2      | Reached XP level 3. HP: 29/29 MP: 3/3
  1396 | D:2      | Noticed Jessica
  1401 | D:2      | Killed Jessica
  1401 | D:2      | Reached skill level 1 in Armour
  1649 | D:2      | Found a runed translucent door.
  1650 | D:2      | Noticed Crazy Yiuf
  1691 | D:2      | Reached XP level 4. HP: 33/36 MP: 4/4
  2162 | D:2      | Killed Crazy Yiuf
  2564 | D:3      | You fall through a shaft for 2 floors!
  2564 | D:5      | Entered Level 5 of the Dungeon
  2571 | D:5      | Found a staircase to the Ecumenical Temple.
  2633 | D:4      | Reached skill level 7 in Bows
  2647 | D:4      | Reached XP level 5. HP: 39/42 MP: 5/5
  3101 | D:4      | Found a snail-covered altar of Cheibriados.
  3859 | D:4      | Reached skill level 1 in Polearms
  3876 | D:4      | Reached XP level 6. HP: 50/50 MP: 6/6
  4018 | Temple   | Entered the Ecumenical Temple
  4081 | Temple   | Became a worshipper of Warmaster Okawaru
  4134 | D:5      | Noticed an ice beast
  4282 | D:5      | Killed an ice beast
  4282 | D:5      | Reached XP level 7. HP: 47/57 MP: 7/7
  4777 | D:5      | Reached * piety under Okawaru
  5324 | D:6      | Reached XP level 8. HP: 61/64 MP: 8/8
  5603 | D:6      | Got a fine ring mail
  5614 | D:6      | Reached ** piety under Okawaru
  5614 | D:6      | Reached skill level 8 in Bows
  5627 | D:6      | Identified the +1 ring mail of Fyll {Str+5 Dex-2} (You
                  | found it on level 6 of the Dungeon)
  5702 | D:6      | Reached skill level 5 in Armour
  5755 | D:6      | Reached skill level 5 in Polearms
  6575 | D:6      | Found a basalt altar of Yredelemnul.
  6575 | D:6      | Found a shadowy altar of Dithmenos.
  6685 | D:7      | Found Ekaag's Jewellery Shop.
  6798 | D:7      | Reached XP level 9. HP: 72/72 MP: 9/9
  6977 | D:7      | You fall through a shaft!
  7173 | D:8      | Reached skill level 1 in Invocations
  7251 | D:7      | Reached *** piety under Okawaru
  7374 | D:7      | Found Plog's General Store.
  7568 | D:7      | Reached skill level 9 in Bows
  7833 | D:7      | Reached skill level 5 in Fighting
  8377 | D:7      | Found a deep blue altar of Sif Muna.
  8712 | D:8      | Noticed Maurice
  8727 | D:8      | Killed Maurice
  8727 | D:8      | Reached **** piety under Okawaru
  9075 | D:8      | Reached XP level 10. HP: 80/81 MP: 12/12
  9284 | D:9      | Noticed a two-headed ogre
  9689 | D:8      | Killed a two-headed ogre
  9689 | D:8      | Reached ***** piety under Okawaru
 10553 | D:10     | Entered Level 10 of the Dungeon
 10557 | D:10     | Gained mutation: Scrolls take you a little longer to read.
                  | [potion of mutation]
 10557 | D:10     | Gained mutation: You tend to lose your temper in combat.
                  | [potion of mutation]
 10557 | D:10     | Gained mutation: You occasionally shout uncontrollably at
                  | your foes. [potion of mutation]
 10557 | D:10     | Gained mutation: Your flesh is cold resistant. (rC+)
                  | [potion of mutation]
 10558 | D:10     | Lost mutation: You occasionally shout uncontrollably at
                  | your foes. [potion of mutation]
 10558 | D:10     | Lost mutation: You tend to lose your temper in combat.
                  | [potion of mutation]
 10558 | D:10     | Lost mutation: Scrolls take you a little longer to read.
                  | [potion of mutation]
 10558 | D:10     | Gained mutation: You possess an exceptional clarity of
                  | mind. [potion of mutation]
 10558 | D:10     | Gained mutation: You are agile. (Dex +2) [potion of
                  | mutation]
 10558 | D:10     | Gained mutation: You are somewhat resistant to further
                  | mutation. [potion of mutation]
 10586 | D:10     | Noticed a brown ugly thing
 10723 | D:10     | Reached skill level 10 in Bows
 10727 | D:10     | Found a flagged portal.
 10743 | Bailey   | Entered a bailey
 10919 | Bailey   | Noticed an orc knight
 10963 | Bailey   | Killed an orc knight
 10963 | Bailey   | Received a gift from Okawaru
 11410 | Bailey   | Noticed an orc sorcerer
 11466 | Bailey   | Found an iron altar of Okawaru.
 11481 | Bailey   | Killed an orc sorcerer
 11481 | Bailey   | Reached skill level 11 in Bows
 11743 | Bailey   | Received a gift from Okawaru
 11743 | Bailey   | Reached XP level 11. HP: 73/89 MP: 14/14
 12428 | D:9      | Killed a brown ugly thing
 12428 | D:9      | Reached skill level 12 in Bows
 12801 | D:10     | Reached skill level 5 in Invocations
 12948 | D:10     | Reached skill level 13 in Bows
 13103 | D:11     | Noticed Urug
 13553 | D:11     | Killed Urug
 13951 | D:11     | Noticed a two-headed ogre
 13957 | D:11     | Killed a two-headed ogre
 13993 | D:11     | Reached skill level 14 in Bows
 14028 | D:11     | Noticed a brown ugly thing
 14030 | D:11     | Noticed a purple ugly thing
 14045 | D:11     | Killed a purple ugly thing
 14074 | D:11     | Killed a purple ugly thing
 14122 | D:11     | Noticed a two-headed ogre
 14129 | D:11     | Killed a two-headed ogre
 14129 | D:11     | Reached ****** piety under Okawaru
 14204 | D:11     | Received a gift from Okawaru
 14351 | D:11     | Reached skill level 15 in Bows
 14422 | D:11     | Reached XP level 12. HP: 41/95 MP: 16/16
 14716 | D:11     | Found a staircase to the Lair.
 15085 | D:12     | Found an opulent altar of Gozag.
 15104 | D:12     | Noticed a two-headed ogre
 15263 | D:11     | Killed a two-headed ogre
 15263 | D:11     | Reached skill level 16 in Bows
 15722 | D:12     | Found a roughly hewn altar of Beogh.
 15727 | D:12     | Found a staircase to the Orcish Mines.
 16516 | D:13     | Noticed a tengu warrior
 16557 | D:13     | Killed a tengu warrior
 16557 | D:13     | Received a gift from Okawaru
 17247 | D:13     | Reached skill level 17 in Bows
 18574 | D:14     | Found a sparkling altar of Nemelex Xobeh.
 18714 | D:14     | Noticed a vault guard
 18717 | D:14     | Reached XP level 13. HP: 105/105 MP: 19/19
 18747 | D:14     | Received a gift from Okawaru
 18899 | D:14     | Reached skill level 18 in Bows
 19137 | D:14     | Identified the cursed +2 scythe of Conscience {venom,
                  | +Blink Int+2}
 19160 | D:14     | Found a gate to the Vaults.
 19456 | D:15     | Entered Level 15 of the Dungeon
 19663 | D:15     | Got a jewelled chain mail
 19676 | D:15     | Identified the +4 chain mail of Vanity {Slay+3} (You found
                  | it on level 15 of the Dungeon)
 19693 | D:15     | Noticed an ettin
 20089 | D:15     | Found a staircase to the Depths.
 20121 | D:15     | Killed an ettin
 20238 | D:15     | Found a portal to a secret trove of treasure.
 20348 | D:15     | Received a gift from Okawaru
 20348 | D:15     | Reached skill level 19 in Bows
 20945 | Lair:1   | Entered Level 1 of the Lair of Beasts
 20957 | D:11     | Received a gift from Okawaru
 21153 | Lair:1   | Received a gift from Okawaru
 21727 | Lair:1   | Received a gift from Okawaru
 21730 | Lair:1   | Got an ancient ring mail {god gift}
 21741 | Lair:1   | Identified the +1 ring mail of the Evening {rF- Int+3
                  | Slay+3} (Okawaru gifted it to you on level 1 of the Lair of
                  | Beasts)
 22153 | Lair:2   | Reached XP level 14. HP: 94/116 MP: 21/21
 22157 | Lair:2   | Reached skill level 10 in Invocations
 23590 | Lair:3   | You fall through a shaft for 2 floors!
 24078 | Lair:4   | Found a hole to the Spider Nest.
 24882 | Lair:3   | Found a staircase to the Shoals.
 25421 | Lair:5   | Reached skill level 20 in Bows
 25557 | Lair:6   | Entered Level 6 of the Lair of Beasts
 25638 | Lair:6   | Received a gift from Okawaru
 25638 | Lair:6   | Reached skill level 10 in Fighting
 25659 | Lair:6   | Received a gift from Okawaru
 25680 | Lair:6   | Received a gift from Okawaru
 25912 | Lair:6   | Found a frozen archway.
 25921 | IceCv    | Entered an ice cave
 25929 | IceCv    | Received a gift from Okawaru
 26151 | IceCv    | Found an ancient bone altar of Kikubaaqudgha.
 26161 | IceCv    | Received a gift from Okawaru
 26320 | IceCv    | Reached XP level 15. HP: 130/130 MP: 22/22
 26816 | Lair:6   | Found a viscous altar of Jiyva.
 26816 | Lair:6   | Found a staircase to the Slime Pits.
 27993 | Orc:1    | Entered Level 1 of the Orcish Mines
 28035 | Orc:1    | Found Moryn's Gadget Boutique.
 28166 | Orc:2    | Entered Level 2 of the Orcish Mines
 28304 | Orc:1    | Noticed an orc warlord
 28563 | Orc:2    | Killed an orc warlord
 28697 | Orc:2    | Found a roughly hewn altar of Beogh.
 28967 | Orc:2    | Found Viaj's Jewellery Boutique.
 29047 | Orc:2    | Reached skill level 10 in Polearms
 29110 | Orc:2    | Noticed an orc warlord
 29145 | Orc:2    | Killed an orc warlord
 29226 | Orc:2    | Found Sununt's Antique Armour Shop.
 29231 | Orc:2    | Found Rimnire's Antique Weapon Boutique.
 29284 | Orc:2    | Found a roughly hewn altar of Beogh.
 29306 | Orc:2    | Bought the +3 crown of Dyrovepreva {rElec Int+2 SInv} for
                  | 1159 gold pieces
 29306 | Orc:2    | Found the +3 crown of Dyrovepreva {rElec Int+2 SInv}
 29430 | Orc:2    | Found a staircase to the Elven Halls.
 29476 | Orc:2    | Found a roughly hewn altar of Beogh.
 29495 | Orc:2    | Found Xuhosa's Distillery.
 29515 | Orc:2    | Found a roughly hewn altar of Beogh.
 29551 | Orc:2    | Found a roughly hewn altar of Beogh.
 29781 | Orc:2    | Found a roughly hewn altar of Beogh.
 29807 | Orc:2    | Found a roughly hewn altar of Beogh.
 30292 | Elf:1    | Entered Level 1 of the Elven Halls
 30305 | Elf:1    | Received a gift from Okawaru
 30671 | Elf:1    | Reached skill level 10 in Armour
 30673 | Elf:1    | Noticed a deep elf sorcerer
 30686 | Elf:1    | Killed a deep elf sorcerer
 30816 | Elf:1    | Received a gift from Okawaru
 30824 | Elf:1    | Received a gift from Okawaru
 30836 | Elf:1    | Got a sapphire longbow {god gift}
 30837 | Elf:1    | Identified the +8 longbow "Wavineul" {velocity, Dex+5}
                  | (Okawaru gifted it to you on level 1 of the Elven Halls)
 31155 | Elf:1    | Noticed a deep elf sorcerer
 31161 | Elf:1    | Killed a deep elf sorcerer
 31353 | Elf:1    | Reached XP level 16. HP: 143/143 MP: 23/23
 31387 | Elf:2    | Noticed Asterion
 31408 | Elf:2    | Killed Asterion
 31408 | Elf:2    | Received a gift from Okawaru
 31630 | Elf:2    | Received a gift from Okawaru
 32181 | Elf:2    | Found a runed translucent gate.
 32181 | Elf:2    | Found a runed translucent gate.
 32181 | Elf:2    | Found a runed translucent gate.
 32181 | Elf:2    | Noticed a tentacled monstrosity
 32181 | Elf:2    | Noticed a tentacled monstrosity
 32181 | Elf:2    | Noticed a tentacled monstrosity
 32182 | Elf:2    | Noticed a tentacled monstrosity
 32208 | Elf:2    | Noticed Jorgrun
 32230 | Elf:2    | Killed Jorgrun
 32247 | Elf:2    | Received a gift from Okawaru
 32439 | Elf:2    | Found a huge runed translucent gate.
 32445 | Elf:2    | Found a huge runed translucent gate.
 32446 | Elf:2    | Found a huge runed translucent gate.
 32447 | Elf:2    | Found a huge runed translucent gate.
 32448 | Elf:2    | Found a huge runed translucent gate.
 32508 | Elf:2    | Found Vipenine's Jewellery Shop.
 32517 | Elf:2    | Bought the ring of Gif Qipt {Wiz Str+6 Dex-5} for 664 gold
                  | pieces
 32805 | Elf:2    | Killed a tentacled monstrosity
 32810 | Elf:2    | Killed a tentacled monstrosity
 32826 | Elf:2    | Killed a tentacled monstrosity
 32909 | Elf:2    | Killed a tentacled monstrosity
 32935 | Elf:2    | Found a runed translucent gate.
 32935 | Elf:2    | Found a runed translucent gate.
 32945 | Elf:2    | Noticed ZigZag's ghost (master HOFi)
 32950 | Elf:2    | Found a runed translucent gate.
 33323 | Elf:2    | Received a gift from Okawaru
 33326 | Elf:2    | Got a transparent shortbow {god gift}
 33327 | Elf:2    | Identified the +2 shortbow "Ojeinum" {freeze, rElec rF+}
                  | (Okawaru gifted it to you on level 2 of the Elven Halls)
 33531 | Elf:2    | Reached XP level 17. HP: 152/152 MP: 24/24
 33734 | Elf:3    | Entered Level 3 of the Elven Halls
 33736 | Elf:3    | Received a gift from Okawaru
 34086 | Elf:3    | Received a gift from Okawaru
 34733 | Elf:3    | Identified the ring of the Present {+Fly rElec Dex+2}
 34782 | Elf:3    | Noticed a deep elf master archer
 34784 | Elf:3    | Killed a deep elf master archer
 34789 | Elf:3    | Noticed a deep elf blademaster
 34803 | Elf:3    | Killed a deep elf blademaster
 34813 | Elf:3    | HP: 7/152 [large abomination[a deep elf high priest] (24)]
 35348 | Elf:3    | Received a gift from Okawaru
 35420 | Elf:3    | Identified the amulet of Xom's Whimsicality {Faith +Blink
                  | rC+ Stlth+}
 35575 | Elf:3    | Noticed a deep elf master archer
 35578 | Elf:3    | Killed a deep elf master archer
 35587 | Elf:3    | Identified the ring of Qalef {Ice MP+9 Int+2 Dex+3}
 35590 | Elf:3    | Identified the +2 short sword "Naeme" {flame, Dex+5}
 35620 | Elf:3    | Noticed a deep elf blademaster
 36161 | Elf:3    | Found Foufyuz's Gadget Shop.
 36362 | Elf:3    | Received a gift from Okawaru
 36362 | Elf:3    | Reached skill level 15 in Armour
 36464 | Elf:3    | Identified the +4 ring mail of Xom's Condemnation {*Slow
                  | MR+ Dex+6}
 36476 | Elf:3    | Killed a deep elf blademaster
 36484 | Elf:3    | Noticed a Tzitzimitl
 36547 | Elf:3    | Received a gift from Okawaru
 36650 | Elf:3    | Got a transparent centaur barding {god gift}
 36662 | Elf:3    | Identified the -4 centaur barding of Gallantry {rC++}
                  | (Okawaru gifted it to you on level 3 of the Elven Halls)
 36739 | Elf:3    | Reached XP level 18. HP: 131/160 MP: 25/25
 36744 | Elf:3    | Identified the Incunabulum of Ice and Enhancements
 36925 | Elf:3    | Learned a level 1 spell: Apportation
 36928 | Elf:3    | Learned a level 2 spell: Blink
 36931 | Elf:3    | Learned a level 2 spell: Song of Slaying
 36935 | Elf:3    | Learned a level 3 spell: Regeneration
 37348 | Spider:1 | Entered Level 1 of the Spider Nest
 37860 | Spider:1 | Reached skill level 1 in Translocations
 37909 | Spider:1 | Reached skill level 1 in Spellcasting
 38585 | Spider:2 | Noticed Louise
 38616 | Spider:2 | Killed Louise
 39078 | Spider:2 | Noticed Arachne
 39094 | Spider:2 | Killed Arachne
 39773 | Spider:2 | Received a gift from Okawaru
 40151 | Spider:3 | Received a gift from Okawaru
 40724 | Spider:3 | Noticed Aizul
 40729 | Spider:3 | Killed Aizul
 40922 | Spider:4 | Entered Level 4 of the Spider Nest
 42252 | Spider:4 | Received a gift from Okawaru
 43021 | Spider:4 | Reached skill level 1 in Charms
 43021 | Spider:4 | Reached skill level 1 in Necromancy
 43034 | Spider:4 | Reached XP level 19. HP: 149/167 MP: 2/26
 43464 | Spider:4 | Got a gossamer rune of Zot
 43721 | Shoals:1 | Entered Level 1 of the Shoals
 43721 | Shoals:1 | Found Vonugg's Weapon Boutique.
 43721 | Shoals:1 | Found Nasovo's Jewellery Boutique.
 43957 | Shoals:1 | Found Pumar's Book Shoppe.
 44094 | Shoals:1 | Found Laamm's General Store.
 44315 | Shoals:1 | Found a runed translucent door.
 44836 | Shoals:2 | Reached skill level 5 in Translocations
 45510 | Shoals:2 | Noticed Polyphemus
 45526 | Shoals:2 | Killed Polyphemus
 46247 | Shoals:3 | Received a gift from Okawaru
 47029 | Shoals:3 | Reached skill level 5 in Spellcasting
 47341 | Shoals:3 | Received a gift from Okawaru
 47400 | Shoals:4 | Entered Level 4 of the Shoals
 47414 | Shoals:4 | Noticed Ilsuiw
 48613 | Shoals:4 | Identified the Catalogue of Gliding Moulding
 48650 | Shoals:4 | Identified the +8 quarterstaff of the Ancients {crush,
                  | Fragile Str+6}
 48683 | Shoals:4 | Noticed Kirke
 48784 | Shoals:4 | Killed Kirke
 49006 | Shoals:4 | Found Zugon's Book Shoppe.
 49132 | Shoals:4 | Reached XP level 20. HP: 127/174 MP: 28/28
 49160 | Shoals:4 | Got a barnacled rune of Zot
 49370 | Shoals:4 | Killed Ilsuiw
 50039 | Vaults:1 | Entered Level 1 of the Vaults
 50048 | Vaults:1 | Received a gift from Okawaru
 50293 | Vaults:1 | Reached skill level 5 in Necromancy
 50353 | Vaults:1 | Received a gift from Okawaru
 50402 | Vaults:1 | Reached skill level 5 in Charms
 50419 | Vaults:1 | Received a gift from Okawaru
 50445 | Vaults:1 | Got a smoking centaur barding {god gift}
 50456 | Vaults:1 | Identified the +0 centaur barding of Generosity {Str-4
                  | Int+4 Slay+3} (Okawaru gifted it to you on level 1 of the
                  | Vaults)
 50785 | Vaults:1 | Learned a level 3 spell: Conjure Flame
 51636 | Vaults:1 | Reached skill level 1 in Conjurations
 51672 | Vaults:1 | Reached skill level 1 in Fire Magic
 51878 | Vaults:1 | Paralysed by an ogre mage for 5 turns
 52728 | Vaults:2 | Received a gift from Okawaru
 53385 | Vaults:2 | Found a staircase to the Crypt.
 53478 | Vaults:2 | Reached XP level 21. HP: 167/182 MP: 30/30
 53810 | Vaults:2 | Reached skill level 15 in Fighting
 54253 | Vaults:2 | Received a gift from Okawaru
 54593 | Vaults:2 | Identified the ring of the Griffon {rN+ Str+5 Int+4}
 54730 | Vaults:2 | Noticed Bai Suzhen
 54741 | Vaults:2 | Killed Bai Suzhen
 55241 | Vaults:2 | Learned a level 5 spell: Borgnjor's Vile Clutch
 55292 | Vaults:3 | Received a gift from Okawaru
 55510 | Vaults:3 | Reached skill level 1 in Earth Magic
 55866 | Vaults:3 | Found Laenots's Antique Armour Shoppe.
 56549 | Vaults:3 | Reached skill level 21 in Bows
 57046 | Vaults:3 | Identified the cursed +1 war axe of Dyredirgh {freeze, rC+
                  | rN+}
 57144 | Vaults:4 | Reached skill level 5 in Dodging
 57312 | Vaults:4 | Got a fine cloak
 57313 | Vaults:4 | Identified the +0 cloak of the Illusory Stars {rElec Str+4}
                  | (You found it on level 4 of the Vaults)
 57447 | Vaults:4 | Reached XP level 22. HP: 66/194 MP: 33/33
 58316 | Vaults:4 | Received a gift from Okawaru
 59403 | Depths:1 | Entered Level 1 of the Depths
 59711 | Depths:1 | Found Zuxteatt's Weapon Boutique.
 60008 | Depths:1 | Found Ewoililu's General Store.
 60009 | Depths:1 | Noticed Mara
 60024 | Depths:1 | Killed Mara
 60207 | Depths:1 | Received a gift from Okawaru
 60559 | Depths:1 | Found a gateway to Hell.
 60992 | Depths:2 | Reached skill level 5 in Earth Magic
 61363 | Depths:2 | Reached skill level 22 in Bows
 61384 | Depths:2 | Found a one-way gate leading to the halls of Pandemonium.
 61785 | Depths:2 | Noticed a caustic shrike
 61785 | Depths:2 | Noticed a caustic shrike
 61787 | Depths:2 | Noticed a caustic shrike
 61788 | Depths:2 | Noticed a caustic shrike
 61800 | Depths:2 | Killed a caustic shrike
 61801 | Depths:2 | Killed a caustic shrike
 61802 | Depths:2 | Killed a caustic shrike
 61802 | Depths:2 | Reached XP level 23. HP: 176/204 MP: 25/35
 61809 | Depths:2 | Killed a caustic shrike
 61809 | Depths:2 | Received a gift from Okawaru
 62289 | Depths:3 | Found a one-way gate to the infinite horrors of the Abyss.
 62502 | Depths:3 | Noticed a juggernaut
 62550 | Depths:3 | Killed a juggernaut
 63031 | Depths:3 | Found a gateway to a ziggurat.
 63217 | Depths:3 | Found a runed translucent door.
 63217 | Depths:3 | Noticed a caustic shrike
 63431 | Depths:3 | Found a runed translucent door.
 63431 | Depths:3 | Found a runed translucent door.
 63470 | Depths:3 | Killed a caustic shrike
 63723 | Depths:3 | Reached skill level 10 in Spellcasting
 63836 | Depths:3 | Paralysed by a great orb of eyes for 5 turns
 63864 | Depths:3 | Found a blossoming altar of Fedhas.
 63875 | Depths:3 | Found the +0 Maxwell's etheric cage {RegenMP+ *Contam rElec
                  | MP+4}
 64022 | Depths:3 | Received a gift from Okawaru
 64195 | Depths:4 | Found a hide-covered altar of Uskayaw.
 64195 | Depths:4 | Noticed a caustic shrike
 64195 | Depths:4 | Noticed a caustic shrike
 64210 | Depths:3 | Killed a caustic shrike
 64263 | Depths:4 | Noticed Margery
 64281 | Depths:4 | Killed Margery
 64281 | Depths:4 | Received a gift from Okawaru
 64281 | Depths:4 | Reached skill level 1 in Evocations
 64350 | Depths:4 | Reached skill level 10 in Necromancy
 64382 | Depths:4 | Found a magical portal.
 64445 | WizLab   | Entered Doroklohe's Tomb
 64496 | WizLab   | Noticed a greater mummy
 64509 | WizLab   | Killed a greater mummy
 64509 | WizLab   | Received a gift from Okawaru
 64783 | WizLab   | Received a gift from Okawaru
 65454 | Depths:4 | Noticed Xtahua
 65456 | Depths:4 | Paralysed by Xtahua for 3 turns
 65467 | Depths:4 | Killed Xtahua
 66044 | Depths:5 | Entered Level 5 of the Depths
 66087 | Depths:5 | Received a gift from Okawaru
 66110 | Depths:5 | Reached XP level 24. HP: 209/214 MP: 37/37
 66750 | Depths:5 | Received a gift from Okawaru
 66926 | Depths:5 | Found a gate to the Realm of Zot.
 67231 | Depths:5 | Received a gift from Okawaru
 67530 | Depths:5 | Got a warped shortbow {god gift}
 67531 | Depths:5 | Identified the +3 shortbow of Bimu {flame, MR+} (Okawaru
                  | gifted it to you on level 5 of the Depths)
 67535 | Depths:5 | Upgraded the game from 0.24-a0-284-g9fb9971 to
                  | 0.24-a0-285-g3c078ff
 68306 | Hell     | Entered the Vestibule of Hell
 68306 | Hell     | Noticed Geryon
 68341 | Hell     | Killed Geryon
 68513 | Hell     | Reached skill level 5 in Evocations
 68569 | Hell     | Received a gift from Okawaru
 68987 | Hell     | Found a gateway to the Iron City of Dis.
 69045 | Hell     | Found a gateway to the freezing wastes of Cocytus.
 69570 | Hell     | Found a gateway to the decaying netherworld of Tartarus.
 69812 | Hell     | Found a gateway to the ashen valley of Gehenna.
 70044 | Coc:1    | Entered Level 1 of Cocytus
 70222 | Coc:1    | Noticed a shard shrike
 70229 | Coc:1    | Killed a shard shrike
 70273 | Coc:1    | Noticed a shard shrike
 70282 | Coc:1    | Killed a shard shrike
 70665 | Geh:1    | Entered Level 1 of Gehenna
 70742 | Geh:1    | Reached XP level 25. HP: 206/229 MP: 35/37
 71266 | Geh:1    | Received a gift from Okawaru
 72216 | D:15     | You paid a toll of the horn of Geryon to enter a treasure
                  | trove
 72217 | Trove    | Entered a treasure trove
 72235 | Trove    | Identified Sif Muna's Reference Book on Attacks
 72273 | Trove    | Got a warped turquoise ring
 72274 | Trove    | Identified the ring "Rithreng" {MP+9 Dex+2} (You found it
                  | in a treasure trove)
 72500 | Crypt:1  | Entered Level 1 of the Crypt
 73286 | Crypt:1  | Received a gift from Okawaru
 73383 | Vaults:3 | Identified the +1 plate armour of the Neverending Moons
                  | {-Tele Int+5} (Okawaru gifted it to you on level 3 of the
                  | Vaults)
 73567 | Crypt:1  | Learned a level 3 spell: Portal Projectile
 73606 | Crypt:1  | HP: 1/235 [something (11)]
 73834 | Crypt:2  | Reached skill level 1 in Hexes
 74669 | Crypt:2  | Received a gift from Okawaru
 75294 | Crypt:3  | Entered Level 3 of the Crypt
 76596 | Crypt:3  | Received a gift from Okawaru
 76845 | Crypt:3  | Reached skill level 5 in Hexes
 77039 | Crypt:3  | Found a basalt altar of Yredelemnul.
 77046 | Crypt:3  | Found an ancient bone altar of Kikubaaqudgha.
 77473 | Crypt:3  | Found a staircase to the Tomb.
 78080 | Slime:1  | Entered Level 1 of the Pits of Slime
 79226 | Slime:1  | Reached XP level 26. HP: 241/241 MP: 37/37
 81230 | Slime:4  | Received a gift from Okawaru
 82663 | Slime:5  | Entered Level 5 of the Pits of Slime
 82823 | Slime:5  | Received a gift from Okawaru
 82942 | Slime:5  | Received a gift from Okawaru
 82949 | Slime:5  | Got a scorched centaur barding {god gift}
 82999 | Slime:5  | Identified the +0 centaur barding of Zarahici {rElec rPois
                  | MP-9 Dex+9} (Okawaru gifted it to you on level 5 of the
                  | Pits of Slime)
 83102 | Slime:5  | Found a viscous altar of Jiyva.
 83102 | Slime:5  | Noticed the Royal Jelly
 83129 | Slime:5  | Killed the Royal Jelly
 83133 | Slime:5  | Killed from afar by a death ooze

Levels and vault maps discovered:
D:1:      tarquinn_simple_flora_water_d, layout_basic
D:2:      layout_basic, uniq_crazy_yiuf_cottage, uniq_jessica
D:3:      layout_rooms, first_ration, kennysheep_flooded_box
D:4:      layout_basic, old_standard_altar
D:5:      layout_basic, minmay_temple_entry_ruins
D:6:      cheibrodos_fzero, layout_basic, gammafunk_temple_overflow_elements,
          kennysheep_small_spiral, chequers_jeans
D:7:      corexii_shantytown, layout_cave_pods, kennysheep_mini, serial_shops,
          nicolae_shop_window_shopping, shop
D:8:      layout_loops_corners, st_stairs_11, the_bakery, uniq_maurice
D:9:      layout_rooms, billiards_dpeg
D:10:     layout_rooms, enter_bailey_3
D:11:     layout_long_grid, erik_lair_dragon, uniq_urug
D:12:     layout_gridville, david_orc_5, nicolae_gozag_seed_capital
D:13:     layout_layer_cave
D:14:     layout_roguey, grunt_vaults_entry_tiered, nemelex_altar_shiori
D:15:     hangedman_depths_entry_civil_slaughter, layout_basic,
          minmay_misc_feat_doors, enter_trove_1
Temple:   compressed_dpeg_circular_temple
Lair:1:   layout_cave_pods
Lair:2:   layout_cave_pods, chequers_serial_rivers_micro_c
Lair:3:   layout_cave_shapes, minmay_shoals_entry_lonely_mermaid
Lair:4:   layout_regular_city, dummy_spider_entry, chequers_serial_rivers_marsh
Lair:5:   layout_hall_layers, minmay_lair_oklob_chamber, grunt_megastairs_1
Lair:6:   guppyfry_lair_end_dragon, layout_regular_city, slime_altar_1,
          portal_ice_cave_entry_pillars_1, serial_bayou_shore_b
Shoals:1: layout_shoals, serial_shops, nicolae_shop_statue_plus, shop_statue,
          shop, shop, lightli_airlock
Shoals:2: layout_shoals, uniq_polyphemus
Shoals:3: cheibrodos_shoals_epimethial_gifts, layout_shoals,
          nicolae_shoals_aquamancer_cove
Shoals:4: shoals_end_hangedman, layout_shoals, shoals_ilsuiw_ice, serial_shops,
          nicolae_shop_trees, uniq_kirke
Spider:1: layout_spider_delve, drop_trap, minivault_29
Spider:2: layout_spider_delve, uniq_louise, uniq_arachne
Spider:3: layout_spider_delve, uniq_aizul
Spider:4: grunt_spider_rune_parallel, spiders_nest_hornet_nest
Slime:1:  nicolae_slime_jelly_donut, layout_caves
Slime:2:  layout_caves
Slime:3:  layout_caves, basic_altar
Slime:4:  layout_caves
Slime:5
Orc:1:    layout_caves, serial_shops, shop
Orc:2:    grunt_orc_community_town_hall, layout_caves,
          grunt_orc_community_big_house_2, grunt_orc_community_big_house_2,
          grunt_orc_community_house_3, grunt_orc_community_house_3,
          grunt_orc_community_house_3, grunt_orc_community_house_1,
          grunt_orc_community_house_1, grunt_orc_community_house_3
Elf:1:    eino_elf_arrival_customs, layout_rooms, hangedman_elf_represent,
          palyth_stone_intersect
Elf:2:    layout_loops_ring, serial_shops, shop,
          ploomutoo_gammafunk_ghost_potion_laboratory, moated_statue,
          minivault_27, serial_sigils_hangedman_snap, uniq_asterion,
          uniq_jorgrun
Elf:3:    minmay_elf_hall_not_hex, layout_geoelf_castle, serial_shops, shop,
          grunt_ministairs_15, solitary_fountain, nicolae_elf_w_pinch,
          hangedman_elf_disciples
Vaults:1: v_alt_pattern_4, v_pattern_3, vaults_room_stairs_pillars,
          ontoclasm_vaults_claustrophobia, st_diamondy,
          vaults_standard_mumra_lines, nicolae_vaults_stairing_the_circle,
          v_misc_33, dpeg_vaults_monster_row, ontoclasm_vaults_pinch,
          vaults_room_fancy_cross, grunt_vaults_diagonal, hangedman_vaults_trim,
          layout_vaults_omnicross
Vaults:2: st_eye, vaults_mumra_lcd, hangedman_vaults_trim,
          nicolae_vaults_ninety_degrees, vaults_room_fancy_cross,
          minmay_crypt_entry_nasty_monster, v_misc_26, v_misc_27,
          nicolae_vaults_diagonal_hallway_8, grunt_vaults_swirl,
          nicolae_vaults_three_branches, v_misc_13, layout_vaults_ring,
          uniq_bai_suzhen
Vaults:3: v_pattern_4, ontoclasm_vaults_fault, v_alt_pattern_1,
          nicolae_vaults_little_squares_5, vaults_room_corners,
          vaults_mumra_hexcomb, vaults_mumra_hex, nicolae_vaults_shelves_hall,
          layout_vaults_omnigrid, serial_shops, nicolae_shop_window_shopping
Vaults:4: nicolae_vaults_rhombus_7, hangedman_vaults_cutoff, vaults_room_fours,
          nicolae_vaults_little_ls, grunt_vaults_bifocal,
          nicolae_vaults_shelves_hall, v_misc_25,
          nicolae_vaults_bisected_exclaves, v_alt_pattern_1,
          hangedman_vaults_nails, v_misc_14, vaults_mumra_minichess_inversion,
          hangedman_vaults_slither, layout_vaults_omnibox
Crypt:1:  layout_misc_corridors, ebering_dispersal_statue_hall,
          roderic_lattice_octagonal_star, grunt_crypt_arrival_webbed
Crypt:2:  layout_basic, st_vampire_maze
Crypt:3:  lightli_unholy_cathedral, layout_chaotic_city,
          nicolae_tomb_entry_grand_gallery
Depths:1: layout_basic, serial_shops, shop, grunt_hell_entry_dis_mu,
          minivault_1, st_stairs_12, drop_trap, minmay_misc_feat_tower,
          kennysheep_small_square, serial_bayou_shore_b, uniq_mara
Depths:2: kennysheep_room_grid, layout_cave_pools,
          chequers_serial_rivers_large_a, serial_co_window_serial,
          co_window_corner_a, co_window_paths_a, co_window_of_opportunity_a,
          co_window_corner_a, co_window_corner_a, co_window_2corner,
          co_window_unsneaky_path_d, co_window_corner_b, co_window_cross_2,
          co_window_2corner, co_window_unsneaky_path_a, glass_columns_a,
          hell_entry, grunt_pan_entry_zigzag, minmay_misc_feat_room
Depths:3: minmay_the_grid_triangle_9x9_rhombus_full
          [minmay_the_grid_triangle_9x9_pentomino_pain,
          minmay_the_grid_triangle_9x9_fully_insulated_deathbox,
          minmay_the_grid_triangle_9x9_descending_squares,
          minmay_the_grid_triangle_9x9_impossible_snake,
          minmay_the_grid_triangle_9x9_sprig,
          minmay_the_grid_triangle_9x9_shrine,
          minmay_the_grid_triangle_9x9_minimal,
          minmay_the_grid_triangle_9x9_prize_center], layout_cave_pools,
          enter_ziggurat_f, pan_entry, abyss_entry, hell_entry,
          grunt_decor_one_mirror, infiniplex_staircase_spiral
Depths:4: regret_index_uskayaw_diablada_macabre, layout_gridlike,
          infiniplex_enter_wizlab_glasses, abyss_entry_crystal,
          hangedman_decor_slide_cut, grunt_metal_band,
          hangedman_decor_peaks_small, infiniplex_staircase_star, uniq_xtahua
Depths:5: grunt_zot_entry_hairpin, layout_basic, kennysheep_pointless_box,
          hell_entry, lightli_minifort
Hell
Geh:1:    layout_gehenna_pools_basic, nicolae_geh_fiery_graves
          [nicolae_geh_single_fiery_grave, nicolae_geh_single_fiery_grave,
          nicolae_geh_single_fiery_grave, nicolae_geh_single_fiery_grave,
          nicolae_geh_single_fiery_grave, nicolae_geh_single_fiery_grave,
          nicolae_geh_single_fiery_grave, nicolae_geh_single_fiery_grave,
          nicolae_geh_single_fiery_grave]
Coc:1:    layout_ice_bergs, hangedman_elemental_grid_stream

Skill      XL: |  1  2  3  4  5  6  7  8  9 10 11 12 13 14 15 16 17 18 19 20 21 22 23 24 25 26 |
---------------+-------------------------------------------------------------------------------+-----
Bows           | 6 7 8 9 11 15 17 19 20 21 22 | 22.0
Armour         | 1 2 3 4 5 6 7 8 9 10 12 15 16 17 18 20 | 20.2
Polearms       | 1 2 4 5 7 8 9 11 | 11.7
Fighting       | 3 4 5 7 8 11 13 14 15 16 17 20 21 | 21.2
Invocations    | 3 4 6 8 9 10 | 10.6
Translocations | 4 5 7 |  7.3
Spellcasting   | 4 5 6 7 8 10 | 10.1
Charms         | 1 4 5 |  5.7
Necromancy     | 1 4 6 7 9 10 11 | 11.0
Dodging        | 3 5 6 7 |  7.3
Conjurations   | 3 4 |  4.1
Fire Magic     | 3 4 |  4.2
Earth Magic    | 2 5 7 9 |  9.8
Evocations     | 3 5 |  5.9
Hexes          | 5 |  5.2
Stealth        | |  0.4

Action                   |  1- 3 |  4- 6 |  7- 9 | 10-12 | 13-15 | 16-18 | 19-21 | 22-24 | 25-27 || total
-------------------------+-------+-------+-------+-------+-------+-------+-------+-------+-------++-------
Melee: Short sword       |    53 |       |       |       |       |       |       |       |       ||    53
       Kick              |     8 |    24 |   161 |   139 |    92 |       |       |       |       ||   424
       Dagger            |    17 |     2 |       |       |       |       |       |       |       ||    19
       Club              |     4 |    38 |       |       |       |       |       |       |       ||    42
       Spear             |       |   121 |   789 |   522 |    44 |       |       |       |       ||  1476
       Scythe            |       |       |       |       |   293 |       |       |       |       ||   293
 Fire: Shortbow          |     6 |    22 |       |       |       |       |       |       |       ||    28
       Longbow           |       |       |       |   596 |  1112 |  1417 |  1890 |  1864 |  1400 ||  8279
 Cast: Song of Slaying   |       |       |       |       |       |       |     2 |    46 |     3 ||    51
       Regeneration      |       |       |       |       |       |       |     8 |    82 |    63 ||   153
       Conjure Flame     |       |       |       |       |       |       |       |     7 |       ||     7
       Portal Projectile |       |       |       |       |       |       |       |       |     8 ||     8
       Apportation       |       |       |       |       |       |       |       |       |     1 ||     1
       Borgnjor's Vile C |       |       |       |       |       |       |       |       |     1 ||     1
Invok: Heroism           |       |       |     1 |     1 |       |     4 |     4 |    12 |     7 ||    29
       Finesse           |       |       |       |       |       |     2 |     3 |     6 |     2 ||    13
Evoke: Wand              |       |       |     1 |       |       |       |       |     6 |       ||     7
  Use: Scroll            |       |       |       |    18 |    26 |     4 |     7 |    10 |    10 ||    75
       Potion            |       |       |       |     5 |       |     2 |     1 |    10 |     3 ||    21
 Stab: Paralysed         |       |       |     9 |       |       |       |       |       |       ||     9
  Eat: Chunk             |     1 |     4 |    14 |    26 |    31 |    19 |    31 |    16 |     2 ||   144
       Ration            |       |     2 |       |       |       |     3 |     2 |     6 |    10 ||    23
Armor: Ring mail         |    25 |    31 |    18 |       |       |       |       |       |       ||    74
       Chain mail        |       |       |   258 |   338 |   449 |   439 |   371 |   379 |   197 ||  2431
       Fire dragon scale |       |       |       |       |       |       |       |    38 |    96 ||   134
Dodge: Dodged            |    23 |    32 |   119 |    87 |   105 |   117 |   127 |   202 |   172 ||   984
Block: Other             |       |    11 |   100 |   107 |   110 |    87 |   111 |   119 |    69 ||   714
       Reflection        |       |       |     1 |     1 |     4 |     9 |    42 |    10 |       ||    67

Table legend:
 A = Non-vault XP
 B = Vault XP
 C = Vault XP percentage of total XP
 D = Non-vault monster count
 E = Vault monster count
 F = Vault count percentage of total count
                 A         B        C        D         E       F
            +---------+---------+-------+---------+---------+-------
      Total |  791194 |  621282 |  44.0 |    1671 |     976 |  36.9
            +---------+---------+-------+---------+---------+-------
        D:1 |      30 |       0 |   0.0 |      17 |       0 |   0.0
        D:2 |      54 |      76 |  58.5 |      18 |       2 |  10.0
        D:3 |      19 |       0 |   0.0 |       8 |       0 |   0.0
        D:4 |     358 |       0 |   0.0 |      18 |       0 |   0.0
        D:5 |     599 |     133 |  18.2 |      23 |       1 |   4.2
        D:6 |     730 |     724 |  49.8 |      13 |      11 |  45.8
        D:7 |    1495 |     307 |  17.0 |      40 |      33 |  45.2
        D:8 |    1255 |     707 |  36.0 |      10 |       3 |  23.1
        D:9 |    2085 |     209 |   9.1 |      19 |       3 |  13.6
       D:10 |    2378 |       8 |   0.3 |      18 |       4 |  18.2
       D:11 |    9343 |    2149 |  18.7 |      45 |       8 |  15.1
       D:12 |    2261 |     448 |  16.5 |      16 |      23 |  59.0
       D:13 |    6941 |       0 |   0.0 |      28 |       0 |   0.0
       D:14 |    3528 |    9534 |  73.0 |      26 |      25 |  49.0
       D:15 |    3816 |    5350 |  58.4 |      15 |       6 |  28.6
     Lair:1 |    6339 |       0 |   0.0 |      32 |       0 |   0.0
     Lair:2 |    2533 |       0 |   0.0 |       8 |       0 |   0.0
     Lair:3 |    4296 |     474 |   9.9 |      15 |       1 |   6.2
     Lair:4 |    5192 |       0 |   0.0 |      19 |       0 |   0.0
     Lair:5 |    4687 |    2417 |  34.0 |      22 |       6 |  21.4
     Lair:6 |   19454 |    2817 |  12.6 |      47 |      10 |  17.5
   Shoals:1 |    7357 |    5585 |  43.2 |      16 |      10 |  38.5
   Shoals:2 |   12447 |    5980 |  32.5 |      29 |       5 |  14.7
   Shoals:3 |   16422 |   11629 |  41.5 |      34 |      16 |  32.0
   Shoals:4 |   13390 |   30340 |  69.4 |      27 |      48 |  64.0
   Spider:1 |    3297 |    8594 |  72.3 |      13 |      45 |  77.6
   Spider:2 |   21152 |    5415 |  20.4 |      58 |       2 |   3.3
   Spider:3 |   17364 |    1610 |   8.5 |      47 |       1 |   2.1
   Spider:4 |   10524 |   22381 |  68.0 |      27 |      50 |  64.9
    Slime:1 |   14519 |     374 |   2.5 |      23 |       9 |  28.1
    Slime:2 |   14733 |       0 |   0.0 |      21 |       0 |   0.0
    Slime:3 |   10626 |       0 |   0.0 |      19 |       0 |   0.0
    Slime:4 |   20515 |       0 |   0.0 |      37 |       0 |   0.0
    Slime:5 |   21604 |   25378 |  54.0 |      28 |       8 |  22.2
      Orc:1 |    1783 |       0 |   0.0 |      24 |       0 |   0.0
      Orc:2 |    4402 |    7054 |  61.6 |      44 |      73 |  62.4
      Elf:1 |   18902 |    9400 |  33.2 |      26 |      14 |  35.0
      Elf:2 |   24161 |   43432 |  64.3 |      38 |      44 |  53.7
      Elf:3 |   17186 |   52311 |  75.3 |      29 |      43 |  59.7
   Vaults:1 |   37692 |   31451 |  45.5 |      69 |      37 |  34.9
   Vaults:2 |   39289 |   50436 |  56.2 |      62 |      60 |  49.2
   Vaults:3 |   43785 |   10045 |  18.7 |      70 |      19 |  21.3
   Vaults:4 |   19779 |   31279 |  61.3 |      31 |      38 |  55.1
    Crypt:1 |   20048 |       0 |   0.0 |      34 |       0 |   0.0
    Crypt:2 |   16534 |    9600 |  36.7 |      32 |      11 |  25.6
    Crypt:3 |   30283 |   41974 |  58.1 |      45 |      46 |  50.5
   Depths:1 |   47518 |    9550 |  16.7 |      68 |       4 |   5.6
   Depths:2 |   33464 |   15380 |  31.5 |      25 |      24 |  49.0
   Depths:3 |   35261 |   48561 |  57.9 |      32 |      29 |  47.5
   Depths:4 |   21583 |   12374 |  36.4 |      20 |       6 |  23.1
   Depths:5 |   32863 |   28716 |  46.6 |      39 |      17 |  30.4
       Hell |   21586 |   38929 |  64.3 |      35 |      57 |  62.0
      Geh:1 |   47474 |       0 |   0.0 |      92 |       0 |   0.0
      Coc:1 |   16258 |   14409 |  47.0 |      20 |      10 |  33.3
     Bailey |       0 |    3056 | 100.0 |       0 |      42 | 100.0
      IceCv |       0 |    6555 | 100.0 |       0 |      54 | 100.0
     WizLab |       0 |   14131 | 100.0 |       0 |      18 | 100.0
            +---------+---------+-------+---------+---------+-------
